 Dungeon Crawl Stone Soup version 0.31-a0-859-g9dce7d3444 (webtiles) character file.

Game seed: 9407030393032771425

620144 Pooter the Executioner (level 27, -10/268 HPs)
             Began as a Minotaur Berserker on Oct 3, 2023.
             Was an Elder of Trog.
             Mangled by an Orb Guardian (21 damage)
             ... while petrified
             ... on level 5 of the Realm of Zot on Oct 9, 2023.
             The game lasted 07:31:21 (117206 turns).

Pooter the Executioner (Minotaur Berserker)       Turns: 117206, Time: 07:31:21

Health: -10/268    AC: 37    Str: 36      XL:     27
Magic:  8/22       EV:  2    Int:  2 (4)  God:    Trog [****..]
Gold:   4227       SH:  0    Dex: 14 (15) Spells: 26/26 levels left

rFire   + + .        a - +8 frozen axe "Frostbite" {freeze, freezing cloud, *Noise Fly rC+}
rCold   + + .        (shield currently unavailable)
rNeg    + + +        T - +0 gold dragon scales
rPois   ∞            (helmet unavailable)
rElec   +            Y - +2 cloak {Will+}
rCorr   +            H - +2 pair of gloves {Dex+3}
SInv    .            G - +2 pair of boots {Stlth+}
Will    +++++        j - amulet of Rogutzemn {*Slow rPois rF+ Regen+}
Stlth   ++           W - ring "Fizxoam" {Str+8 Int-2 Slay+4 Stlth+}
HPRegen 2.44/turn    C - ring "Jeruufup" {rElec rCorr EV+5 Str-2 Slay+5}
MPRegen 0.18/turn

%: random rage (9%), slow self (1%)
@: about to teleport, petrified, marked, strong-willed, flying, regenerating,
studying Unarmed Combat
A: horns 3, retaliatory headbutt, iridescent scales 1, berserk 2, clumsy 1,
deterioration 1, screaming 1, wild magic 1, sturdy frame 1
}: 3/15 runes: serpentine, barnacled, slimy
a: Renounce Religion, Berserk, Trog's Hand, Brothers in Arms


You were on level 5 of the Realm of Zot.
You worshipped Trog.
Trog was greatly pleased with you.
You visited 13 branches of the dungeon, and saw 56 of its levels.
You visited the Abyss 1 time.
You visited 1 ziggurat, and saw 8 of its levels.
You also visited: Sewer and Desolation.

You collected 8419 gold pieces.
You spent 4192 gold pieces at shops.

Inventory:

Hand Weapons
 a - the +8 frozen axe "Frostbite" (weapon) {freeze, freezing cloud, *Noise Fly rC+}
   (You acquired it on level 3 of the Lair of Beasts)

   rC+:       It protects you from cold.
   Fly:       It grants you flight.
   *Noise:    It may make a loud noise when swung.
 b - the +3 arbalest of Embarrassment {heavy, Str+4 Dex+2}
   (You found it on level 1 of the Vaults)

   Str+4:     It affects your strength (+4).
   Dex+2:     It affects your dexterity (+2).
 h - the +11 battleaxe "Ytwomp" {protect, *Slow Dex+4 SInv Stlth+}
   (You found it on level 5 of the Pits of Slime)

   Dex+4:     It affects your dexterity (+4).
   SInv:      It lets you see invisible.
   *Slow:     It may slow you when you take damage.
   Stlth+:    It makes you more stealthy.
 w - a +9 antimagic executioner's axe
   (Trog gifted it to you on level 5 of the Lair of Beasts)
Missiles
 i - 15 javelins
 k - 8 curare-tipped darts
 A - 6 silver javelins
 L - 91 boomerangs (quivered)
 V - 5 datura-tipped darts
Armour
 G - a +2 pair of boots of stealth (worn)
   (You found it on level 11 of the Dungeon)
 H - a +2 pair of gloves of dexterity (worn)
   (You found it on level 1 of the Elven Halls)
 M - the +6 plate armour of the Tsukumogami {Harm rElec Will+ Str+3 Dex+3}
   (You found it on level 3 of the Elven Halls)

   Str+3:     It affects your strength (+3).
   Dex+3:     It affects your dexterity (+3).
   rElec:     It insulates you from electricity.
   Will+:     It increases your willpower.
   Harm:      It increases damage dealt and taken.
 R - a +2 pair of boots of flying
   (You bought it in a shop on level 1 of the Elven Halls)
 T - +0 gold dragon scales (worn)
   (You found it on level 3 of the Realm of Zot)
 Y - a +2 cloak of willpower (worn)
   (You took it off Nikola on level 4 of the Snake Pit)
Jewellery
 j - the amulet of Rogutzemn (around neck) {*Slow rPois rF+ Regen+}
   (You found it on level 3 of the Crypt)

   [amulet of regeneration]

   rF+:       It protects you from fire.
   rPois:     It protects you from poison Regen+: It increases your rate of
   health regeneration.
   *Slow:     It may slow you when you take damage.
 C - the ring "Jeruufup" (right hand) {rElec rCorr EV+5 Str-2 Slay+5}
   (You found it in the Desolation of Salt)

   [ring of evasion]

   EV+5:      It affects your evasion (+5).
   Str-2:     It affects your strength (-2).
   Slay+5:    It affects your accuracy & damage with ranged weapons and melee
   (+5).
   rElec:     It insulates you from electricity.
   rCorr:     It protects you from acid and corrosion.
 F - a ring of protection from fire
   (You took it off an orc priest on level 8 of the Dungeon)
 I - a ring of protection from cold
   (You found it on level 5 of the Dungeon)
 N - the ring of Awe {rN+ Dex+6}
   (You took it off an ironbound preserver on level 2 of the Vaults)

   [ring of dexterity]

   Dex+6:     It affects your dexterity (+6).
   rN+:       It protects you from negative energy.
 P - the ring of Wagus {Str+6 Dex+3 SInv}
   (You found it in the Desolation of Salt)

   [ring of strength]

   Str+6:     It affects your strength (+6).
   Dex+3:     It affects your dexterity (+3).
   SInv:      It lets you see invisible.
 S - the ring "Oleugh" {rPois Will+ Int-3 Dex+5 SInv}
   (You took it off a vault warden on level 4 of the Vaults)

   [ring of willpower]

   Int-3:     It affects your intelligence (-3).
   Dex+5:     It affects your dexterity (+5).
   rPois:     It protects you from poison Will+: It increases your willpower.
   SInv:      It lets you see invisible.
 W - the ring "Fizxoam" (left hand) {Str+8 Int-2 Slay+4 Stlth+}
   (You bought it in a shop on level 2 of the Depths)

   [ring of slaying]

   Str+8:     It affects your strength (+8).
   Int-2:     It affects your intelligence (-2).
   Slay+4:    It affects your accuracy & damage with ranged weapons and melee
   (+4).
   Stlth+:    It makes you more stealthy.
 X - a +6 ring of strength
   (You found it on level 8 of the Dungeon)
Wands
 f - a wand of mindburst (30)
   (You found it on level 1 of the Lair of Beasts)
 p - a wand of charming (51)
   (You found it on level 7 of the Dungeon)
 q - a wand of roots (63)
   (You took it off an orc wizard on level 8 of the Dungeon)
 x - a wand of acid (49)
   (You found it on level 4 of the Dungeon)
 D - a wand of digging (18)
   (You found it on level 4 of the Shoals)
Scrolls
 d - 14 scrolls of poison {!r}
 g - 19 scrolls of fear
 n - 4 scrolls of brand weapon
 o - 4 scrolls of blinking
 t - 14 scrolls of teleportation {@r4}
 u - 2 scrolls of silence
 y - 7 scrolls of fog
 E - 8 scrolls of noise {!r}
 K - 5 scrolls of revelation
 Q - 16 scrolls of immolation {!r}
Potions
 c - 4 potions of heal wounds {@q2}
 e - 2 potions of cancellation
 l - 24 potions of curing {@q1}
 m - 2 potions of might
 z - 12 potions of attraction {!q}
 B - a potion of mutation {!q}
 J - 9 potions of haste {@q3}
 O - 5 potions of resistance
 U - 2 potions of invisibility
 Z - 9 potions of enlightenment
Miscellaneous
 r - a box of beasts
   (You found it on level 4 of the Shoals)
 s - a phantom mirror
   (You found it on level 12 of the Dungeon)
 v - a tin of tremorstones (2/2)
   (You found it on level 5 of the Lair of Beasts)


   Skills:
 + Level 25.8 Fighting
 - Level 26.9(27) Axes
 - Level 10.2(20.2) Maces & Flails
 + Level 21.6 Ranged Weapons
 + Level 13.9 Throwing
 - Level 21.5 Armour
 + Level 19.1 Dodging
 + Level 15.5 Stealth
 - Level 11.8 Evocations


You had 26 spell levels left.
You didn't know any spells.
Your spell library was empty.

Dungeon Overview and Level Annotations

Branches:
Dungeon (15/15) Zot: 23335  Temple (0/1) D:5            Lair (5/5) D:8 Zot: 14915
 Shoals (4/4) Lair:2 Zot: 9397   Snake (4/4) Lair:2 Zot: 12807   Slime (5/5) Lair:4 Zot: 25157
    Orc (2/2) D:12 Zot: 9189     Elf (3/3) Orc:2 Zot: 7058  Vaults (4/5) D:14 Zot: 18355
  Crypt (3/3) Vaults:3 Zot: 9866    Tomb (1/3) Crypt:3 Zot: 5477  Depths (4/4) D:15 Zot: 13881
   Hell (visited)             Zot (5/5) Depths:4 Zot: 20403   Sewer (visited)
Desolation (visited)
    Dis: Hell:1         Geh: Hell:1         Coc: Hell:1         Tar: Hell:1

Altars:
Hepliaklqana
Makhleb
Okawaru
Sif Muna
Uskayaw
Wu Jian
Xom
Zin
Jiyva
Lugonu

Shops:
D:8 (:(!   Orc:2 :*:[   Elf:1 *[?   Elf:3 :(([   Shoals:1 *   Shoals:3 =
Snake:2 =:   Snake:4 [   Vaults:2 [[[?:   Vaults:3 (   Depths:1 =
Depths:2 *=[!   Depths:3 :=:

Portals:
Hell: Depths:1 Depths:2 Depths:3 Depths:4
Abyss: Lair:5 Depths:1 Depths:2 Depths:3
Pandemonium: Depths:1 Depths:2
Trove: D:14 (give 9 potions of haste)

Annotations:
Elf:2 3 runed translucent doors


Innate Abilities, Weirdness & Mutations

You have a pair of large horns on your head.
You reflexively headbutt those who attack you in melee.
You are partially covered in iridescent scales. (AC +2)
You have an uncontrollable temper.
You are clumsy. (Dex -2)
Your body sometimes deteriorates upon taking damage.
You occasionally shout uncontrollably at your foes.
Your spells are a little harder to cast, but a little more powerful.
Your movements are slightly less encumbered by armour. (ER -2)


Message History

The Orb Guardian rages.
You hear a loud "Zot"!
The power of Zot is invoked against you!
You are slowing down.
The Orb Guardian hits you!
* * * LOW HITPOINT WARNING * * *
The Orb Guardian enters a dispersal trap!
The Orb Guardian blinks! x2
Your two-headed ogre blinks!
The Orb Guardian blinks! x2; You blink.
Found 37 gold pieces.
The Orb Guardian blinks!
You hear a loud "Zot"!
The power of Zot is invoked against you!
A huge vortex of air appears!
* * * LOW HITPOINT WARNING * * *
* * * LOW HITPOINT WARNING * * *
The Orb Guardian rages.
You hear a loud "Zot"!
Your two-headed ogre barely misses the Orb Guardian.
Your two-headed ogre misses the Orb Guardian.
The Orb Guardian hits you but does no damage.
The Orb Guardian hits you!
* * * LOW HITPOINT WARNING * * *
Your limbs are stiffening.
Unknown command.
As you read the scroll of teleportation {@r4}, it crumbles to dust.
You feel strangely unstable.
You feel the Orb delaying your translocation!
You are engulfed in whirling frost.
* * * LOW HITPOINT WARNING * * *
The Orb Guardian hits you.
* * * LOW HITPOINT WARNING * * *
The Orb Guardian rages.
The Orb Guardian hits you but does no damage.
The Orb Guardian barely misses you. You furiously retaliate!
You headbutt the Orb Guardian!! The Orb Guardian hits you!!!
* * * LOW HITPOINT WARNING * * *
Your two-headed ogre rages.
The Orb Guardian completely misses you. You furiously retaliate!
You headbutt the Orb Guardian!! The Orb Guardian hits you!!
* * * LOW HITPOINT WARNING * * *
The Orb Guardian hits you!!
* * * LOW HITPOINT WARNING * * *
The Orb Guardian hits you.
* * * LOW HITPOINT WARNING * * *
You have turned to stone.
You are engulfed in whirling frost.
* * * LOW HITPOINT WARNING * * *
The Orb Guardian hits you!!!
You die...

,,,,,,,,,,,,,,,,,,*
,,,,,,,,,....,,,,**
,,,,,,,,,....,,,**
,,,,,,,,.......**
▓▓▓▓**▓##X...8▓▓
....,,.^..*.§§§##
....,,...§§§§§§§##
,,,^,,...§§§§§§XX##
,,,,,,...§§§§§§§@§#
,,,,,,...O§§§§§X§§#
,,,,,,...§§§§§§§§§#
,^,,,,...§§§§v§§§§#
,,,,,,...§§§§O§§§§#
,,,,,,...§§§§§§§§§#
,,,,^,.$.§§§§§§§§##
,,,,,,...§§§§§§§##
*,,,,,.........##


You could see a twister (summoned, vortex, ally target), an orb of fire, 4 Orb
Guardians and 2 friendly two-headed ogres.

Vanquished Creatures
  the Royal Jelly (Slime:5)
  A dread lich (Crypt:3)
  Khufu (Crypt:2)
  3 orbs of fire
  2 ancient liches
  A juggernaut (Depths:4)
  Sojobo (Crypt:1)
  A royal mummy (Crypt:2)
  Vv (Crypt:2)
  Bai Suzhen (Vaults:4)
  5 Killer Klowns
  Vashnia (Snake:4)
  Xtahua (Depths:3)
  3 caustic shrikes (Depths:3)
  Saint Roka (Snake:4)
  3 curse toes
  Nikola (Snake:4)
  Geryon (Hell)
  5 golden dragons
  the Enchantress (Depths:3)
  Norris (Vaults:3)
  A bone dragon (Depths:4)
  2 doom hounds (Zot:1)
  3 electric golems
  Rupert (D:14)
  Jorgrun (Orc:2)
  Zenata (Vaults:1)
  A hellephant (Zig:7)
  18 tentacled monstrosities
  Grunn (Zot:1)
  17 Orb Guardians (Zot:5)
  2 deep elf blademasters (Elf:3)
  5 liches
  8 quicksilver dragons
  7 deep elf master archers
  3 sphinxes
  3 titans
  9 ancient champions
  14 acid blobs
  12 death cobs
  3 tentacled starspawn
  2 searing wretches (Zig:7)
  A kraken (Shoals:1)
  3 shadow dragons
  Kirke (Elf:1)
  6 tengu reavers
  A draconian monk (Zot:4)
  12 azure jellies
  9 storm dragons
  5 revenants
  Donald (Vaults:1)
  5 rockslimes (Slime:5)
  4 fire giants
  3 nagarajas (Snake:4)
  2 draconian knights
  8 draconian scorchers
  The ghost of Koceploe the Impaler, an adept MfGl of the Shining One (Shoals:3)
  5 balrugs
  2 ghost moths
  11 vault wardens
  4 deep elf sorcerers (Elf:3)
  7 frost giants
  5 ghouls
  Louise (Depths:1)
  A curse skull (Zig:8)
  An iron dragon (Elf:1)
  4 deep elf elementalists
  A cacodemon (Depths:1)
  6 draconian annihilators
  A draconian stormcaller (Zot:3)
  4 orc warlords
  2 imperial myrmidons (Desolation)
  6 draconian shifters
  4 reapers
  5 spriggan defenders
  17 ironbound preservers
  3 formless jellyfish (Slime:2)
  10 quicksilver oozes
  13 vampire knights
  4 ironbound thunderhulks
  4 war gargoyles
  13 very ugly things
  10 stone giants
  12 green draconians
  8 deep elf demonologists
  A lorocyproca (Depths:1)
  2 halazid warlocks (Desolation)
  7 deep elf annihilators (Elf:3)
  An eleionoma (Zot:5)
  6 black draconians
  7 white draconians
  20 dire elephants
  6 yellow draconians
  9 red draconians
  19 spark wasps
  An iron golem (Depths:1)
  9 purple draconians
  2 blizzard demons (Hell)
  4 crystal guardians
  6 eidola
  Josephine (D:10)
  The ghost of sircluck the Grappler, a journeyman TrBe of Trog (D:11)
  6 ragged hierophants (Desolation)
  13 jiangshi
  6 fire dragons
  A mummy priest (Crypt:3)
  11 merfolk impalers
  4 merfolk javelineers
  2 entropy weavers
  5 deep elf high priests
  A spriggan zombie (Crypt:3)
  4 deep elf death magi
  12 ettins
  7 yaktaur captains
  13 great orbs of eyes
  A quicksilver dragon skeleton (Crypt:2)
  3 servants of whispers (Desolation)
  10 spriggan air magi
  10 peacekeepers
  2 hell beasts (Depths:1)
  10 hydras
  11 vault guards
  4 salamander tyrants (Snake:4)
  3 merfolk avatars
  A fenstrider witch zombie (Crypt:3)
  11 ironbound frosthearts
  3 spriggan skeletons
  A sphinx zombie (Depths:2)
  20 centaur warriors
  4 rakshasas
  An anaconda (shapeshifter) (Vaults:2)
  11 ice dragons
  A catoblepas (Lair:5)
  7 merfolk aquamancers
  A satyr (Shoals:3)
  10 anacondas
  14 dancing weapons
  An alligator snapping turtle (Shoals:2)
  5 death knights
  16 naga warriors
  6 deep troll shamans
  6 deep troll earth magi
  5 two-headed ogres
  4 boulder beetles
  7 vampire magi
  2 demonic crawlers (Hell)
  A hell hog (Depths:1)
  5 spriggan berserkers
  6 tengu warriors
  18 naga sharpshooters
  11 shock serpents
  6 death yaks (Lair:3)
  5 orc high priests
  4 thrashing horrors (Lair:5)
  Sonja (Lair:2)
  9 deep elf knights
  9 sun demons
  11 soul eaters
  A shadow wraith (Crypt:2)
  4 wretched stars
  A fire crab (D:8)
  2 sixfirhies (Abyss:3)
  A spark wasp zombie (Crypt:3)
  Lodul (D:14)
  4 salamander mystics
  14 iron trolls
  18 sea snakes
  17 skeletal warriors
  9 skysharks
  6 glowing orange brains
  A spatial maelstrom (Zig:4)
  57 deep trolls
  21 starcursed masses
  5 flayed ghosts
  5 naga ritualists
  19 ironbound convokers
  14 phantasmal warriors
  17 deep elf archers
  7 lindwurms
  A goliath frog zombie (Crypt:1)
  4 orc knights
  A tengu zombie (Vaults:2)
  20 harpies
  7 wizards
  2 iron giant skeletons (Crypt:1)
  3 spriggan simulacra
  29 deep elf zephyrmancers
  2 anaconda skeletons (Crypt:3)
  4 necromancers
  An iron dragon zombie (Depths:2)
  49 ugly things
  11 cyclopes
  32 deep elf pyromancers
  2 shining eyes (Slime:5)
  7 orc sorcerers
  A shining eye (shapeshifter) (Depths:4)
  A stone giant zombie (Crypt:3)
  16 manticores
  A frost giant zombie (Crypt:2)
  5 fauns (Shoals:2)
  18 salamanders
  14 mana vipers
  A rust devil (Hell)
  16 moths of wrath
  12 vault sentinels
  An eleionoma skeleton (Crypt:2)
  9 elephants
  7 guardian serpents
  A fire giant skeleton (Crypt:3)
  13 water nymphs
  A guardian serpent (shapeshifter) (D:11)
  30 black mambas
  9 merfolk sirens
  2 molten gargoyles
  A black mamba (shapeshifter) (Zig:6)
  A stone giant skeleton (Vaults:2)
  21 naga magi
  An orange demon (Depths:2)
  Maggie (D:8)
  12 cane toads
  5 gargoyles
  8 smoke demons
  A steelbarb worm zombie (Crypt:1)
  4 unseen horrors
  3 rime drakes
  A yaktaur (shapeshifter) (Lair:5)
  An efreet (D:15)
  3 kobold demonologists (D:12)
  8 freezing wraiths
  4 hellions
  7 guardian mummies
  12 komodo dragons
  19 yaktaurs
  3 tormentors
  An ancient zyme (Zig:2)
  8 tengu conjurers
  A minotaur skeleton (Crypt:1)
  2 red devils
  A green draconian skeleton (Crypt:2)
  27 merfolk
  7 trolls
  3 polar bears
  A hornet (shapeshifter) (Elf:3)
  7 meliai
  3 hornets (Depths:4)
  An alligator simulacrum (Elf:1)
  3 hellwings
  6 wind drakes
  39 blink frogs
  2 harpy skeletons (Crypt:3)
  46 saltlings (Desolation)
  An ice dragon zombie (Crypt:2)
  A tarantella (Vaults:2)
  An ettin zombie (Crypt:3)
  Prince Ribbit (D:7)
  6 raiju
  A meliai zombie (Crypt:2)
  7 snapping turtles
  A dream sheep (shapeshifter) (Depths:4)
  A slime creature (shapeshifter) (Depths:3)
  A great orb of eyes zombie (Crypt:2)
  91 slime creatures
  6 spriggans
  12 flying skulls
  44 yaks
  A ynoxinul (Depths:1)
  A shadow (D:12)
  17 air elementals
  14 small abominations
  An ushabti (Tomb:1)
  27 water elementals
  9 wraiths
  A fire bat (shapeshifter) (D:11)
  4 vampires
  A hog (Elf:1)
  3 fire elementals
  3 wyverns
  A hog (shapeshifter) (Lair:5)
  8 basilisks
  A redback (Vaults:2)
  3 neqoxecs
  2 steam dragons
  A human (Elf:1)
  2 minotaur simulacra (Elf:1)
  2 chaos spawn (Lair:5)
  8 large abominations
  11 wargs
  A skyshark zombie (Crypt:3)
  An acid dragon (shapeshifter) (D:11)
  65 nagas
  2 acid dragons
  19 water moccasins
  A floating eye (Depths:3)
  A two-headed ogre skeleton (Crypt:3)
  33 orc warriors
  An ice beast (D:7)
  A black bear (D:7)
  4 sky beasts
  An ogre (shapeshifter) (D:11)
  15 ogres
  4 boggarts
  2 tengu (shapeshifter)
  17 wolves
  10 centaurs
  A dream sheep skeleton (Crypt:3)
  3 phantoms
  A snapping turtle skeleton (Crypt:2)
  5 kobold brigands
  2 earth elementals
  11 bullfrogs
  A gnoll sergeant (D:7)
  A naga simulacrum (Tomb:1)
  A necrophage (Crypt:3)
  4 scorpions
  2 deep troll simulacra (Elf:1)
  18 wights
  A polar bear zombie (Crypt:2)
  11 killer bees
  A lindwurm simulacrum (Elf:1)
  5 electric eels (D:7)
  6 howler monkeys
  4 crimson imps (D:5)
  15 jellies
  18 orc priests
  A black bear skeleton (Crypt:1)
  2 hounds
  2 iron imps (Abyss:3)
  4 sleepcaps
  A gnoll bouda (D:8)
  4 iguanas
  22 orc wizards
  Terence (D:2)
  2 spectral hounds (Depths:2)
  9 mummies
  14 gnolls
  A swamp drake zombie (Crypt:2)
  7 adders
  2 shadow imps
  2 white imps
  2 ufetubi
  5 worms
  2 dart slugs
  90 orcs
  5 ball pythons
  A bat skeleton (Crypt:1)
  9 endoplasms
  7 giant cockroaches
  5 goblins
  11 hobgoblins
  6 jackals
  23 kobolds
  6 quokkas
  15 bats
  5 frilled lizards
  A quokka skeleton (Crypt:3)
  A quokka zombie (Crypt:3)
  10 rats
  A rat (shapeshifter) (D:11)
  A rat zombie (Crypt:1)
  A lurking horror (Abyss:3)
  2 tentacles (Shoals:1)
2538 creatures vanquished.

Vanquished Creatures (collateral kills)
  A Killer Klown (Zot:5)
  4 Orb Guardians (Zot:5)
  A quicksilver ooze (Slime:5)
  A jiangshi (Crypt:1)
  A merfolk javelineer (Shoals:4)
  A merfolk avatar (Shoals:4)
  A merfolk aquamancer (Shoals:4)
  A manticore (Shoals:4)
  A stone giant skeleton (Vaults:2)
  3 merfolk (Shoals:4)
  An air elemental (Shoals:4)
  4 water elementals (Shoals:4)
  A basilisk (Lair:5)
  An orc wizard (D:9)
  A mummy (Crypt:2)
  2 orcs (D:9)
25 creatures vanquished.

Vanquished Creatures (others)
  A revenant (Crypt:2)
  A draconian knight (Zot:1)
  An imperial myrmidon (Desolation)
  A spark wasp (Depths:2)
  A ragged hierophant (Desolation)
  2 deep elf knights (Elf:1)
  A deep elf archer (Depths:3)
  A wizard (Depths:2)
  A deep elf pyromancer (Zig:6)
  2 humans (Elf:1)
  2 orcs
  4 starspawn tentacles
  10 tentacles (Shoals:1)
28 creatures vanquished.

Grand Total: 2591 creatures vanquished

Notes
Turn   | Place    | Note
-------+----------+-------------------------------------------
     0 | D:1      | Pooter the Minotaur Berserker began the quest for the Orb.
     0 | D:1      | Reached XP level 1. HP: 19/19 MP: 0/0
   133 | D:1      | Reached skill level 4 in Axes
   133 | D:1      | Reached XP level 2. HP: 18/27 MP: 1/1
   327 | D:1      | Reached skill level 1 in Ranged Weapons
   601 | D:1      | Reached XP level 3. HP: 33/33 MP: 0/2
   637 | D:1      | Reached ** piety under Trog
  1806 | D:2      | Noticed Terence
  1815 | D:2      | Killed Terence
  1816 | D:2      | Reached skill level 5 in Axes
  1816 | D:2      | Reached XP level 4. HP: 41/41 MP: 0/3
  2312 | D:3      | Found a glowing drain.
  2326 | Sewer    | Entered a sewer
  2572 | Sewer    | Noticed a water moccasin
  2579 | Sewer    | Killed a water moccasin
  2580 | Sewer    | Reached skill level 6 in Axes
  2580 | Sewer    | Reached XP level 5. HP: 47/47 MP: 1/4
  3535 | D:4      | Reached skill level 5 in Fighting
  3597 | D:4      | Reached XP level 6. HP: 54/56 MP: 1/5
  3826 | D:4      | Reached skill level 7 in Axes
  3828 | D:4      | Reached XP level 7. HP: 62/62 MP: 6/6
  3944 | D:4      | Reached skill level 1 in Maces & Flails
  4171 | D:4      | Reached *** piety under Trog
  4345 | D:4      | Reached XP level 8. HP: 66/71 MP: 7/7
  4580 | D:5      | Entered Level 5 of the Dungeon
  4694 | D:5      | Reached skill level 8 in Axes
  5064 | D:5      | Found a shimmering altar of Xom.
  5080 | D:5      | Reached skill level 5 in Ranged Weapons
  5216 | D:5      | Reached skill level 5 in Maces & Flails
  5219 | D:5      | Found a staircase to the Ecumenical Temple.
  5479 | D:5      | Found a shimmering blue altar of Sif Muna.
  5646 | D:5      | Found a hazy altar of Hepliaklqana.
  6329 | D:6      | Reached **** piety under Trog
  6677 | D:7      | Reached XP level 9. HP: 63/79 MP: 8/8
  6792 | D:7      | Reached skill level 9 in Axes
  8380 | D:7      | Noticed Prince Ribbit
  8388 | D:7      | Killed Prince Ribbit
  8847 | D:7      | Reached XP level 10. HP: 73/90 MP: 3/9
  9157 | D:7      | Reached skill level 10 in Axes
  9224 | D:7      | Identified the +3 robe of the Ten Allies {rPois Int+3
                  | Dex-4}
  9275 | D:7      | Noticed a two-headed ogre
  9281 | D:7      | Killed a two-headed ogre
  9282 | D:7      | Reached skill level 10 in Maces & Flails
  9326 | D:7      | Identified the +2 plate armour "Xoshreut" {Harm}
  9339 | D:7      | Identified the +10 orcbow "Zaneess" {heavy, rC- rCorr MP+9}
  9690 | D:8      | Noticed Maggie
  9692 | D:8      | Found a glowing silver altar of Zin.
  9696 | D:8      | Killed Maggie
  9696 | D:8      | Noticed a fire crab
  9699 | D:8      | Killed a fire crab
  9706 | D:8      | Noticed a brown ugly thing
  9706 | D:8      | Noticed a cyclops
  9963 | D:8      | Killed a cyclops
 10159 | D:8      | Found Teomues's Distillery.
 10165 | D:8      | Bought a potion of cancellation for 104 gold pieces
 10165 | D:8      | Bought a potion of heal wounds for 65 gold pieces
 10165 | D:8      | Bought a potion of curing for 39 gold pieces
 10165 | D:8      | Bought a potion of resistance for 130 gold pieces
 10165 | D:8      | Bought a potion of invisibility for 104 gold pieces
 10238 | D:8      | Reached skill level 10 in Fighting
 10857 | D:8      | Noticed a two-headed ogre
 10864 | D:8      | Killed a two-headed ogre
 10865 | D:8      | Reached skill level 11 in Axes
 10865 | D:8      | Reached XP level 11. HP: 54/99 MP: 10/10
 10965 | D:8      | Found a burning altar of Makhleb.
 11012 | D:8      | Found a staircase to the Lair.
 11019 | D:8      | Found Looprux's Book Shoppe.
 11172 | D:8      | Killed a brown ugly thing
 11265 | D:8      | Found Caeheb's Weapon Shoppe.
 11492 | D:8      | Found Dayse's Weapon Emporium.
 11504 | D:8      | Bought a +0 battleaxe for 78 gold pieces
 11606 | D:8      | Upgraded the game from 0.31-a0-846-gb3bcc0d938 to
                  | 0.31-a0-848-gaac375c287
 11857 | D:9      | Reached skill level 5 in Armour
 12731 | D:10     | Entered Level 10 of the Dungeon
 12747 | D:10     | Noticed Josephine
 12764 | D:10     | Killed Josephine
 12765 | D:10     | Reached skill level 10 in Ranged Weapons
 12785 | D:10     | Noticed a two-headed ogre
 12813 | D:10     | Killed a two-headed ogre
 13019 | D:10     | Noticed a two-headed ogre
 13024 | D:10     | Killed a two-headed ogre
 13025 | D:10     | Reached skill level 12 in Axes
 13362 | D:8      | Bought a potion of haste for 130 gold pieces
 14019 | D:10     | Upgraded the game from 0.31-a0-848-gaac375c287 to
                  | 0.31-a0-851-g7ff8af7976
 14126 | Lair:1   | Entered Level 1 of the Lair of Beasts
 14234 | Lair:1   | Reached XP level 12. HP: 110/110 MP: 11/11
 14381 | Lair:1   | You fall into a shaft and drop 1 floor!
 14388 | Lair:2   | Reached skill level 13 in Axes
 14469 | Lair:1   | Noticed a boulder beetle
 14480 | Lair:1   | Killed a boulder beetle
 15395 | D:8      | Bought 2 potions of enlightenment for 130 gold pieces
 15523 | Lair:2   | Found a staircase to the Shoals.
 15570 | Lair:2   | Noticed Sonja
 15582 | Lair:2   | Your ally Sonja died
 15880 | Lair:2   | Reached skill level 14 in Axes
 15916 | Lair:2   | Gained mutation: You have sharp toenails. [potion of
                  | mutation]
 15916 | Lair:2   | Gained mutation: Your muscles are strong. (Str +4, Int/Dex
                  | -1) [potion of mutation]
 15916 | Lair:2   | Gained mutation: You are somewhat resistant to further
                  | mutation. [potion of mutation]
 15917 | Lair:2   | Lost mutation: Your muscles are strong. (Str +4, Int/Dex
                  | -1) [potion of mutation]
 15917 | Lair:2   | Lost mutation: You are somewhat resistant to further
                  | mutation. [potion of mutation]
 15917 | Lair:2   | Lost mutation: You have sharp toenails. [potion of
                  | mutation]
 15917 | Lair:2   | Gained mutation: You sometimes lose your temper in combat.
                  | [potion of mutation]
 15917 | Lair:2   | Gained mutation: You are frail. (-10% HP) [potion of
                  | mutation]
 15918 | Lair:2   | Lost mutation: You are frail. (-10% HP) [potion of
                  | mutation]
 15918 | Lair:2   | Lost mutation: You sometimes lose your temper in combat.
                  | [potion of mutation]
 15918 | Lair:2   | Gained mutation: You are weak. (Str -2) [potion of
                  | mutation]
 15918 | Lair:2   | Gained mutation: Your spells are a little easier to cast,
                  | but a little less powerful. [potion of mutation]
 15918 | Lair:2   | Gained mutation: You are somewhat resistant to further
                  | mutation. [potion of mutation]
 15919 | Lair:2   | Lost mutation: Your spells are a little easier to cast, but
                  | a little less powerful. [potion of mutation]
 15919 | Lair:2   | Lost mutation: You are weak. (Str -2) [potion of mutation]
 15919 | Lair:2   | Lost mutation: You are somewhat resistant to further
                  | mutation. [potion of mutation]
 15919 | Lair:2   | Gained mutation: Your muscles are strong. (Str +4, Int/Dex
                  | -1) [potion of mutation]
 16831 | Lair:2   | Found a staircase to the Snake Pit.
 18020 | Lair:3   | Reached XP level 13. HP: 118/118 MP: 12/12
 18133 | Lair:3   | Identified a scroll of acquirement
 18133 | Lair:3   | Acquired the +8 frozen axe "Frostbite" {freeze, freezing
                  | cloud, *Noise Fly rC+}
 18133 | Lair:3   | Found the +8 frozen axe "Frostbite" {freeze, freezing
                  | cloud, *Noise Fly rC+}
 18153 | Lair:3   | Reached skill level 15 in Axes
 18205 | Lair:3   | Reached ***** piety under Trog
 19566 | Lair:4   | Found a staircase to the Slime Pits.
 19606 | Lair:4   | Reached skill level 16 in Axes
 19989 | Lair:5   | Entered Level 5 of the Lair of Beasts
 21972 | Lair:5   | Reached XP level 14. HP: 107/129 MP: 13/13
 22191 | Lair:5   | Reached skill level 10 in Armour
 23970 | Lair:5   | Received a gift from Trog
 25870 | Lair:5   | Reached skill level 15 in Ranged Weapons
 27236 | Lair:5   | Reached skill level 17 in Axes
 28082 | Lair:5   | Found a corrupted altar of Lugonu.
 28085 | Lair:5   | Found a one-way gate to the infinite horrors of the Abyss.
 30957 | D:11     | Found a runed translucent gate.
 30958 | D:11     | Found a runed translucent gate.
 30958 | D:11     | Found a runed translucent gate.
 31515 | D:11     | Found a runed translucent gate.
 31515 | D:11     | Found a runed translucent gate.
 31519 | D:11     | Noticed sircluck's ghost (journeyman TrBe)
 31520 | D:11     | Found a runed translucent gate.
 31534 | D:11     | Gained mutation: Armour fits poorly on your strangely
                  | shaped body. [a neqoxec]
 31540 | D:11     | Killed sircluck's ghost
 31579 | D:11     | Gained mutation: Your body sometimes deteriorates upon
                  | taking damage. [mutagenic glow]
 31596 | D:11     | Gained mutation: Potions are less effective at restoring
                  | your health. [mutagenic glow]
 31611 | D:11     | Gained mutation: You are clumsy. (Dex -2) [mutagenic glow]
 31695 | D:11     | Lost mutation: Your body sometimes deteriorates upon taking
                  | damage. [potion of mutation]
 31695 | D:11     | Lost mutation: Armour fits poorly on your strangely shaped
                  | body. [potion of mutation]
 31695 | D:11     | Lost mutation: Your muscles are strong. (Str +4, Int/Dex
                  | -1) [potion of mutation]
 31695 | D:11     | Gained mutation: You are partially covered in iridescent
                  | scales. (AC +2) [potion of mutation]
 31695 | D:11     | Gained mutation: Your natural rate of healing is unusually
                  | fast. [potion of mutation]
 32150 | D:12     | Found a staircase to the Orcish Mines.
 32328 | D:12     | You fall into a shaft and drop 1 floor!
 32336 | D:13     | Reached skill level 1 in Throwing
 32627 | D:13     | Reached skill level 1 in Evocations
 32815 | D:12     | Reached XP level 15. HP: 138/138 MP: 14/14
 32833 | D:12     | Reached skill level 18 in Axes
 32938 | Orc:1    | Entered Level 1 of the Orcish Mines
 32994 | Orc:2    | Entered Level 2 of the Orcish Mines
 33065 | Orc:2    | Found Ostuxkipt's Book Shop.
 33515 | Orc:1    | You fall into a shaft and drop 1 floor!
 33638 | Orc:2    | Found Qonete's Antique Armour Emporium.
 33646 | Orc:2    | Bought a glowing cloak for 210 gold pieces
 33690 | Orc:2    | Found a staircase to the Elven Halls.
 34338 | Orc:1    | Received a gift from Trog
 34900 | Orc:2    | Found Agacer's General Store.
 34916 | Orc:2    | Bought a potion of curing for 33 gold pieces
 34916 | Orc:2    | Bought a potion of curing for 33 gold pieces
 34923 | Orc:2    | Found Jegeb's Vocational Training.
 35089 | Orc:2    | Found Oschotwo's Antique Weapon Boutique.
 35678 | D:13     | Found a hide-covered altar of Uskayaw.
 36089 | D:14     | Found a portal to a secret trove of treasure.
 36586 | D:14     | Noticed Rupert
 36596 | D:14     | Killed Rupert
 36938 | D:14     | Reached skill level 19 in Axes
 37016 | D:14     | Found a gate to the Vaults.
 37218 | D:14     | Noticed Lodul
 37230 | D:14     | Killed Lodul
 37234 | D:14     | Reached skill level 15 in Fighting
 37329 | D:15     | Entered Level 15 of the Dungeon
 37684 | D:15     | Noticed a tengu reaver
 37690 | D:15     | Killed a tengu reaver
 38324 | D:15     | Found a staircase to the Depths.
 39053 | D:15     | Reached XP level 16. HP: 125/149 MP: 15/15
 39075 | D:15     | Reached skill level 5 in Throwing
 40152 | Elf:1    | Entered Level 1 of the Elven Halls
 40155 | Elf:1    | Paralysed by an air elemental for 1 turns
 40160 | Elf:1    | Noticed Jorgrun
 40161 | Elf:1    | Paralysed by an air elemental for 1 turns
 40222 | Orc:2    | Killed Jorgrun
 40467 | Elf:1    | Found Xyresigo's Magic Scroll Shoppe.
 40469 | Elf:1    | Found Anouf's Armour Emporium.
 40471 | Elf:1    | Found Omewu's Assorted Antiques.
 40479 | Elf:1    | Bought a twisted diamond ring for 175 gold pieces
 40479 | Elf:1    | Bought a pair of embroidered boots for 262 gold pieces
 40479 | Elf:1    | Bought an amethyst potion for 31 gold pieces
 40493 | Elf:1    | Received a gift from Trog
 40538 | Elf:1    | Reached skill level 20 in Axes
 40538 | Elf:1    | Reached skill level 5 in Evocations
 40558 | Elf:1    | Noticed Kirke
 40569 | Elf:1    | Noticed a sphinx
 40573 | Elf:1    | Killed Kirke
 44918 | Elf:1    | Received a gift from Trog
 45197 | Elf:1    | Glimpsed the power of Zot.
 45545 | Elf:1    | Identified the +1 ring mail "Ofud Tao" {Harm rF+}
 45669 | Elf:1    | Glimpsed the power of Zot.
 45675 | Elf:1    | Found a runed translucent gate.
 45675 | Elf:1    | Found a runed translucent gate.
 45675 | Elf:1    | Found a runed translucent gate.
 45675 | Elf:1    | Found a runed translucent gate.
 45675 | Elf:1    | Found a runed translucent gate.
 45676 | Elf:1    | Noticed a storm dragon
 45677 | Elf:1    | Found a runed translucent gate.
 46276 | Elf:2    | Found a runed translucent gate.
 46276 | Elf:2    | Found a runed translucent gate.
 46276 | Elf:2    | Found a runed translucent gate.
 46565 | Elf:2    | Reached XP level 17. HP: 136/158 MP: 16/16
 46797 | Elf:3    | Entered Level 3 of the Elven Halls
 46805 | Elf:3    | Received a gift from Trog
 46806 | Elf:3    | Reached skill level 21 in Axes
 46910 | Elf:3    | Found Ozuorant's Weapon Shoppe.
 47006 | Elf:3    | Paralysed by an air elemental for 1 turns
 47096 | Elf:3    | Found Arghegges's Antique Weapon Shoppe.
 47422 | Elf:3    | Found Xulikh's Book Shoppe.
 47984 | Elf:3    | Found Milu Tor's Antique Armour Shoppe.
 48077 | Elf:3    | Noticed a deep elf blademaster
 48078 | Elf:3    | Noticed a deep elf blademaster
 48098 | Elf:3    | Killed a deep elf blademaster
 48102 | Elf:3    | Killed a deep elf blademaster
 48381 | Elf:3    | Noticed a deep elf master archer
 48387 | Elf:3    | Killed a deep elf master archer
 48508 | Elf:3    | Noticed a deep elf master archer
 48581 | Elf:3    | Killed a deep elf master archer
 49461 | Elf:3    | Identified the staff "Qeruih" {Fly rN+ MP+9 Str+2 Int+3
                  | Necro}
 49481 | Abyss:2  | Cast into level 2 of the Abyss (a deep elf demonologist)
 49602 | Abyss:3  | Found a corrupted altar of Lugonu.
 49716 | Abyss:3  | Paralysed by accursed screaming for 1 turns
 49805 | Abyss:3  | Lost mutation: You are clumsy. (Dex -2) [potion of
                  | mutation]
 49805 | Abyss:3  | Lost mutation: You are partially covered in iridescent
                  | scales. (AC +2) [potion of mutation]
 49805 | Abyss:3  | Gained mutation: You heal very quickly. [potion of
                  | mutation]
 49871 | Abyss:3  | Found a corrupted altar of Lugonu.
 49905 | Elf:3    | Escaped the Abyss
 49942 | Elf:3    | Identified the +0 halberd "Minotaur's Regret" {protect,
                  | rElec Int+4}
 50343 | Elf:3    | Identified the +0 robe of the Dropbear {Dex-2 SInv Stlth+}
 50908 | Elf:3    | Identified the +6 plate armour of the Tsukumogami {Harm
                  | rElec Will+ Str+3 Dex+3}
 50923 | Elf:3    | Identified the +1 hand cannon of Bankruptcy {heavy, Dex+3}
 51032 | Elf:3    | Identified the +1 quarterstaff "Ywankept" {heavy, *Noise
                  | rElec rF- Will++}
 51586 | Snake:1  | Entered Level 1 of the Snake Pit
 51600 | Snake:1  | Lost mutation: Potions are less effective at restoring your
                  | health. [potion of mutation]
 51600 | Snake:1  | Lost mutation: You heal very quickly. [potion of mutation]
 51600 | Snake:1  | Lost mutation: Your natural rate of healing is unusually
                  | fast. [potion of mutation]
 51600 | Snake:1  | Gained mutation: Armour fits poorly on your strangely
                  | shaped body. [potion of mutation]
 51600 | Snake:1  | Gained mutation: You are partially covered in large bone
                  | plates. (SH +4) [potion of mutation]
 51600 | Snake:1  | Gained mutation: You have a pair of large horns on your
                  | head. [potion of mutation]
 51910 | Snake:1  | Reached skill level 5 in Dodging
 51914 | Snake:1  | Reached skill level 22 in Axes
 52382 | Snake:1  | Identified the +4 rapier of the Other Side {pain, *Corrode
                  | rPois rN+++ Will+}
 52390 | Snake:1  | Reached XP level 18. HP: 169/169 MP: 17/17
 54515 | Snake:2  | Found Fiof's Jewellery Shoppe.
 54521 | Snake:2  | Reached skill level 1 in Stealth
 54550 | Snake:2  | Received a gift from Trog
 54644 | Snake:2  | Reached skill level 15 in Armour
 55600 | Snake:2  | Found Moukkifo's Book Boutique.
 57229 | Snake:2  | Lost mutation: You have a pair of large horns on your head.
                  | [potion of mutation]
 57229 | Snake:2  | Lost mutation: Armour fits poorly on your strangely shaped
                  | body. [potion of mutation]
 57229 | Snake:2  | Lost mutation: You are partially covered in large bone
                  | plates. (SH +4) [potion of mutation]
 57229 | Snake:2  | Gained mutation: Your body sometimes deteriorates upon
                  | taking damage. [potion of mutation]
 57229 | Snake:2  | Gained mutation: You expend magic power (3 MP) to
                  | strengthen your wands. [potion of mutation]
 57230 | Snake:2  | Lost mutation: You expend magic power (3 MP) to strengthen
                  | your wands. [potion of mutation]
 57230 | Snake:2  | Lost mutation: Your body sometimes deteriorates upon taking
                  | damage. [potion of mutation]
 57230 | Snake:2  | Gained mutation: You occasionally lose the ability to drink
                  | potions when taking damage. [potion of mutation]
 57230 | Snake:2  | Gained mutation: You are agile. (Dex +4, Str/Int -1)
                  | [potion of mutation]
 57231 | Snake:2  | Lost mutation: You are agile. (Dex +4, Str/Int -1) [potion
                  | of mutation]
 57231 | Snake:2  | Lost mutation: You occasionally lose the ability to drink
                  | potions when taking damage. [potion of mutation]
 57231 | Snake:2  | Gained mutation: Your spells are a little easier to cast,
                  | but a little less powerful. [potion of mutation]
 57232 | Snake:2  | Lost mutation: Your spells are a little easier to cast, but
                  | a little less powerful. [potion of mutation]
 57232 | Snake:2  | Gained mutation: You passively map a small area around you.
                  | [potion of mutation]
 57232 | Snake:2  | Gained mutation: You have very sharp teeth. [potion of
                  | mutation]
 57331 | Snake:2  | Found a hazy altar of Hepliaklqana.
 57989 | Snake:3  | Identified the +0 plate armour of Dramatic Exits {*Slow
                  | Str+3 Int+6 Dex+2}
 60459 | Snake:4  | Entered Level 4 of the Snake Pit
 60834 | Snake:4  | Found an iron altar of Okawaru.
 60864 | Snake:4  | Received a gift from Trog
 60947 | Snake:4  | Found Yzomosma's Armour Shop.
 60978 | Snake:4  | Noticed Nikola
 61247 | Snake:4  | Killed Nikola
 61354 | Snake:4  | Reached skill level 23 in Axes
 61354 | Snake:4  | Noticed Vashnia
 61475 | Snake:4  | Killed Vashnia
 61476 | Snake:4  | Reached skill level 5 in Stealth
 61596 | Snake:4  | Identified the +0 kite shield of Chimes {rF+ MP+9 Str+2}
 61650 | Snake:4  | Reached XP level 19. HP: 155/179 MP: 18/18
 61779 | Snake:4  | Noticed Saint Roka
 62123 | Snake:4  | Killed Saint Roka
 62264 | Snake:4  | Received a gift from Trog
 62338 | Snake:4  | Got a serpentine rune of Zot
 62667 | Shoals:1 | Entered Level 1 of the Shoals
 64150 | Shoals:1 | Lost mutation: You have very sharp teeth. [potion of
                  | mutation]
 64150 | Shoals:1 | Lost mutation: You passively map a small area around you.
                  | [potion of mutation]
 64150 | Shoals:1 | Gained mutation: Armour fits poorly on your strangely
                  | shaped body. [potion of mutation]
 64150 | Shoals:1 | Gained mutation: Your muscles are strong. (Str +4, Int/Dex
                  | -1) [potion of mutation]
 64151 | Shoals:1 | Lost mutation: Your muscles are strong. (Str +4, Int/Dex
                  | -1) [potion of mutation]
 64151 | Shoals:1 | Lost mutation: Armour fits poorly on your strangely shaped
                  | body. [potion of mutation]
 64151 | Shoals:1 | Gained mutation: Armour fits poorly on your strangely
                  | shaped body. [potion of mutation]
 64151 | Shoals:1 | Gained mutation: You possess an exceptional clarity of
                  | mind. [potion of mutation]
 64151 | Shoals:1 | Gained mutation: You are strong-willed. (Will+) [potion of
                  | mutation]
 66126 | Shoals:1 | Found Gaxugeawn's Overcharged Wands.
 67567 | Shoals:2 | Received a gift from Trog
 68342 | Shoals:2 | Identified the +1 dire flail of Hennal {freeze, rC+ Dex+3}
 70780 | Shoals:3 | Found Baucaip's Jewellery Shoppe.
 71710 | Shoals:3 | Found a runed translucent door.
 71710 | Shoals:3 | Noticed Koceploe's ghost (adept MfGl)
 71741 | Shoals:3 | Killed Koceploe's ghost
 71774 | Shoals:3 | Identified the +1 short sword of the Chickpea {protect,
                  | Fragile rC++ rCorr}
 72155 | Shoals:4 | Entered Level 4 of the Shoals
 72516 | Shoals:4 | Found a hazy altar of Hepliaklqana.
 72637 | Shoals:4 | Paralysed by an air elemental for 1 turns
 73818 | Shoals:4 | Paralysed by an air elemental for 1 turns
 74339 | Shoals:4 | Reached ****** piety under Trog
 74347 | Shoals:4 | Reached skill level 10 in Evocations
 74356 | Shoals:4 | Received a gift from Trog
 74362 | Shoals:4 | Paralysed by an air elemental for 1 turns
 74366 | Shoals:4 | Reached XP level 20. HP: 188/189 MP: 19/19
 76661 | Shoals:4 | Got a barnacled rune of Zot
 76845 | Shoals:4 | Identified the +5 kite shield of Faicry Ocas {Int+4 Dex+7}
 76899 | Shoals:4 | Paralysed by an air elemental for 1 turns
 77030 | Shoals:4 | Identified the +2 battleaxe "Keddiu" {drain, rF+ Will+
                  | Str+2}
 77722 | Vaults:1 | Entered Level 1 of the Vaults
 77754 | Vaults:1 | Reached skill level 10 in Throwing
 77754 | Vaults:1 | Reached skill level 10 in Dodging
 78022 | Vaults:1 | Found a crumbling gateway.
 78029 | Desolati | Entered the Desolation of Salt
 78041 | Desolati | Received a gift from Trog
 78067 | Desolati | Reached skill level 10 in Stealth
 78076 | Desolati | Identified the ring "Jeruufup" {rElec rCorr EV+5 Str-2
                  | Slay+5}
 79004 | Desolati | Received a gift from Trog
 79047 | Desolati | Identified the ring of Zicveb {rPois Dex+2 SInv}
 79114 | Desolati | Identified the ring of Wagus {Str+6 Dex+3 SInv}
 79116 | Desolati | Identified the staff "Deopsus" {Fly rF+ rN+ Stlth+ Fire}
 79119 | Desolati | Identified the amulet "Xisoergh" {Acrobat Will+}
 79694 | Vaults:1 | Noticed Zenata
 79703 | Vaults:1 | Killed Zenata
 79778 | Vaults:1 | Noticed Donald
 79784 | Vaults:1 | Killed Donald
 79979 | Vaults:1 | Identified the +3 arbalest of Embarrassment {heavy, Str+4
                  | Dex+2}
 80037 | Vaults:1 | Identified the +0 scale mail of Nemelex Xobeh {rPois Str-5
                  | Int+5}
 80190 | Vaults:1 | Received a gift from Trog
 80604 | Vaults:2 | Found Duedoij's Book Shop.
 80604 | Vaults:2 | Found Foahiss's Magic Scroll Boutique.
 80620 | Vaults:2 | Bought a scroll of silence for 190 gold pieces
 80620 | Vaults:2 | Bought a scroll of blinking for 150 gold pieces
 80620 | Vaults:2 | Bought a scroll of teleportation for 60 gold pieces
 80620 | Vaults:2 | Bought a scroll of teleportation for 60 gold pieces
 80677 | Vaults:2 | Reached XP level 21. HP: 92/200 MP: 20/20
 80793 | Vaults:2 | Reached skill level 24 in Axes
 80919 | Vaults:2 | Found Dophad's Armour Boutique.
 80928 | Vaults:2 | Identified the ring of Awe {rN+ Dex+6}
 81184 | Vaults:2 | Identified the ring of Vankapn {Will+ MP-9 AC+4 Slay+3}
 81327 | Vaults:2 | Identified the ring "Quatott" {Ice rElec Will- Dex+4 SInv}
 81329 | Vaults:2 | Found Nosiy's Antique Armour Boutique.
 81389 | Vaults:2 | Received a gift from Trog
 81500 | Vaults:2 | Found Xelifire's Antique Armour Shop.
 82164 | Vaults:3 | Noticed Norris
 82180 | Vaults:3 | Killed Norris
 82520 | Vaults:3 | Found Byipt's Weapon Boutique.
 82604 | Vaults:3 | Found a staircase to the Crypt.
 82613 | Crypt:1  | Entered Level 1 of the Crypt
 83196 | Crypt:1  | Found a huge runed translucent gate.
 83196 | Crypt:1  | Found a huge runed translucent gate.
 83197 | Crypt:1  | Found a huge runed translucent gate.
 83197 | Crypt:1  | Found a huge runed translucent gate.
 83197 | Crypt:1  | Found a huge runed translucent gate.
 83197 | Crypt:1  | Found a huge runed translucent gate.
 83198 | Crypt:1  | Found a huge runed translucent gate.
 83198 | Crypt:1  | Found a huge runed translucent gate.
 83198 | Crypt:1  | Found a huge runed translucent gate.
 83887 | Crypt:1  | Received a gift from Trog
 84111 | Crypt:1  | Reached XP level 22. HP: 203/203 MP: 12/21
 84315 | Crypt:2  | Noticed Sojobo
 84329 | Crypt:1  | Killed Sojobo
 84713 | Crypt:2  | Noticed Vv
 85259 | Crypt:2  | Killed Vv
 85345 | Crypt:2  | Reached skill level 25 in Axes
 85663 | Crypt:2  | Noticed a royal mummy
 85664 | Crypt:2  | Noticed Khufu
 85674 | Crypt:2  | Received a gift from Trog
 86584 | Crypt:2  | Killed Khufu
 86590 | Crypt:2  | Killed a royal mummy
 86953 | Crypt:3  | Entered Level 3 of the Crypt
 88978 | Crypt:3  | Noticed a curse toe
 89012 | Crypt:3  | Killed a curse toe
 89645 | Crypt:3  | Noticed a curse toe
 89653 | Crypt:3  | Killed a curse toe
 89885 | Crypt:3  | Found a staircase to the Tomb.
 90075 | Crypt:3  | Noticed a dread lich
 90087 | Crypt:3  | Killed a dread lich
 90135 | Crypt:3  | Noticed an ancient lich
 90143 | Crypt:3  | Killed an ancient lich
 90147 | Crypt:3  | Received a gift from Trog
 90287 | Crypt:3  | Identified the +5 mace of Greed {venom, Will+}
 90288 | Crypt:3  | Identified the ring of Kait {Fly Int+6}
 90292 | Crypt:3  | Identified the amulet of Rogutzemn {*Slow rPois rF+ Regen+}
 90484 | Tomb:1   | Entered Level 1 of the Tomb of the Ancients
 92006 | Vaults:4 | Received a gift from Trog
 92059 | Vaults:4 | Reached XP level 23. HP: 223/223 MP: 22/22
 92430 | Vaults:4 | Identified the ring "Oleugh" {rPois Will+ Int-3 Dex+5 SInv}
 92529 | Vaults:4 | Identified the +4 ring mail "Toxugier" {Drain rN+++ Will-
                  | SInv}
 92534 | Vaults:4 | Noticed Bai Suzhen
 92539 | Vaults:4 | Killed Bai Suzhen
 92654 | Vaults:4 | Identified the +2 ring mail "Gahayrat" {rF++ rC- Will+++
                  | Dex-2}
 92760 | Vaults:4 | Identified the +2 spear "Riopir" {drain, rC++}
 92889 | Vaults:4 | Acquired 286 gold pieces
 93239 | Depths:1 | Entered Level 1 of the Depths
 93239 | Depths:1 | Found Celegh's Jewellery Shop.
 93335 | Depths:1 | Noticed Louise
 93342 | Depths:1 | Killed Louise
 94054 | Depths:1 | Found a one-way gateway to a ziggurat.
 94068 | Zig:1    | Entered Level 1 of a ziggurat
 94099 | Zig:2    | Entered Level 2 of a ziggurat
 94179 | Zig:2    | Identified the +0 swamp dragon scales of Kanyr {*Corrode
                  | +Blink rPois Str+8 Stlth-}
 94182 | Zig:3    | Entered Level 3 of a ziggurat
 94189 | Zig:3    | Received a gift from Trog
 94245 | Zig:3    | Identified the +4 kite shield of the Bagpipe {Harm rF+
                  | SInv}
 94248 | Zig:4    | Entered Level 4 of a ziggurat
 94254 | Zig:4    | Reached skill level 26 in Axes
 94288 | Zig:4    | Identified the +2 buckler of Pan-Flutes {*Corrode Int+4
                  | Dex+3}
 94296 | Zig:5    | Entered Level 5 of a ziggurat
 94376 | Zig:6    | Entered Level 6 of a ziggurat
 94584 | Zig:6    | Identified the +10 orcbow of Axaoh {heavy, Contam Fly rPois
                  | Int+5}
 94588 | Zig:7    | Entered Level 7 of a ziggurat
 94661 | Zig:7    | Identified the +4 dagger of the Vestibule of Hell {spect,
                  | rC++ Str-4}
 94667 | Zig:7    | Identified the ring of Jaro {rF+ rCorr Str+5 Int-5}
 94672 | Zig:8    | Entered Level 8 of a ziggurat
 94917 | Zig:8    | Received a gift from Trog
 95235 | Depths:1 | Found a one-way gate leading to the halls of Pandemonium.
 95276 | Depths:1 | Found a corrupted altar of Lugonu.
 95520 | Depths:1 | Reached skill level 15 in Dodging
 95699 | Depths:1 | Found a gateway to Hell.
 95752 | Hell     | Entered the Vestibule of Hell
 95752 | Hell     | Noticed Geryon
 95854 | Hell     | Killed Geryon
 95854 | Hell     | Received a gift from Trog
 96684 | Depths:2 | Reached XP level 24. HP: 235/235 MP: 22/22
 96942 | Depths:2 | Found Sosumiev's Jewellery Shoppe.
 97120 | Depths:2 | Received a gift from Trog
 97687 | Depths:2 | Found the +4 skin of Zhor {*Englaciate rC+++ SInv}
 97699 | Depths:2 | Identified the +1 hand axe of Golden Tortfeasance {protect,
                  | *Slow Str-2 Int+9 Dex+3}
 98177 | Depths:2 | Found Kiuntut's General Store.
 98188 | Depths:2 | Bought the ring "Fizxoam" {Str+8 Int-2 Slay+4 Stlth+} for
                  | 1803 gold pieces
 98196 | Depths:2 | Bought 3 scrolls of enchant weapon for 405 gold pieces
 98284 | Depths:2 | Found an ornate altar of the Wu Jian Council.
 98314 | Depths:2 | Found Qauroarest's Miraculous Elixirs.
 98367 | Depths:2 | You are sucked into a shaft and drop 1 floor!
 98367 | Depths:3 | Noticed the Enchantress
 98519 | Depths:2 | Found The Legendary Etibeg's Legendary Smithy.
 98600 | Depths:3 | Killed the Enchantress
 98628 | Depths:3 | Received a gift from Trog
 98985 | Depths:3 | Noticed Xtahua
 98991 | Depths:3 | Killed Xtahua
 99145 | Depths:3 | Found Tokipoystri's Book Boutique.
 99146 | Depths:3 | Found Varyl's Jewellery Shoppe.
 99148 | Depths:3 | Found Qayrif's Book Boutique.
 99274 | Depths:4 | Entered Level 4 of the Depths
 99289 | Depths:4 | Upgraded the game from 0.31-a0-851-g7ff8af7976 to
                  | 0.31-a0-854-g362426d53f
 99523 | Depths:4 | Received a gift from Trog
101330 | Depths:4 | Noticed a juggernaut
101341 | Depths:4 | Killed a juggernaut
101342 | Depths:4 | Reached XP level 25. HP: 245/245 MP: 22/22
103827 | Depths:4 | Found a gate to the Realm of Zot.
104392 | Slime:1  | Entered Level 1 of the Pits of Slime
104615 | Slime:2  | Paralysed by a formless jellyfish for 1 turns
105180 | Slime:4  | Found a viscous altar of Jiyva.
105427 | Slime:5  | Entered Level 5 of the Pits of Slime
105451 | Slime:5  | Received a gift from Trog
105718 | Slime:5  | Gained mutation: Your body sometimes deteriorates upon
                  | taking damage. [a shining eye]
106242 | Slime:5  | Noticed the Royal Jelly
106252 | Slime:5  | Killed the Royal Jelly
106277 | Slime:5  | Gained mutation: You occasionally shout uncontrollably at
                  | your foes. [a shining eye]
106317 | Slime:5  | Identified the +11 battleaxe "Ytwomp" {protect, *Slow Dex+4
                  | SInv Stlth+}
106322 | Slime:5  | Identified the staff "Widos" {Str-2 Int+2 Dex+5 Conj}
106828 | Slime:5  | Got a slimy rune of Zot
106846 | Slime:5  | Identified the +10 broad axe "Ynweih" {freeze, Drain rElec
                  | Int+2}
106883 | Slime:5  | Identified the staff "Onaggaw" {rC- rN++ Int+6 Conj}
107650 | Zot:1    | Entered Level 1 of the Realm of Zot
108573 | Zot:1    | Noticed Grunn
108580 | Zot:1    | Killed Grunn
108742 | Zot:1    | Identified the ring "Sith" {+Blink rElec Str+6 Dex+3}
110221 | Zot:2    | Received a gift from Trog
110242 | Zot:2    | Identified the +1 robe "Hiucefrei" {Contam Will++ Dex+4}
110428 | Zot:2    | You fall into a shaft and drop 1 floor!
111490 | Zot:2    | Reached XP level 26. HP: 183/256 MP: 22/22
111667 | Zot:2    | Upgraded the game from 0.31-a0-854-g362426d53f to
                  | 0.31-a0-859-g9dce7d3444
113508 | Zot:3    | Noticed an orb of fire
113517 | Zot:3    | Killed an orb of fire
115859 | Zot:4    | Reached skill level 15 in Stealth
116099 | Zot:5    | Entered Level 5 of the Realm of Zot
116582 | Zot:5    | Noticed an ancient lich
116591 | Zot:5    | Killed an ancient lich
116638 | Zot:5    | Gained mutation: You are clumsy. (Dex -2) [mutagenic glow]
116684 | Zot:5    | Noticed an orb of fire
116689 | Zot:5    | Gained mutation: You have hidden genetic defects. [an orb
                  | of fire]
116701 | Zot:5    | Killed an orb of fire
116715 | Zot:5    | Received a gift from Trog
116805 | Zot:5    | Lost mutation: Your body sometimes deteriorates upon taking
                  | damage. [potion of mutation]
116805 | Zot:5    | Lost mutation: You are strong-willed. (Will+) [potion of
                  | mutation]
116805 | Zot:5    | Lost mutation: Armour fits poorly on your strangely shaped
                  | body. [potion of mutation]
116805 | Zot:5    | Gained mutation: You are weak. (Str -2) [potion of
                  | mutation]
116805 | Zot:5    | Gained mutation: Your spells are a little harder to cast,
                  | but a little more powerful. [potion of mutation]
116806 | Zot:5    | Lost mutation: You possess an exceptional clarity of mind.
                  | [potion of mutation]
116806 | Zot:5    | Lost mutation: You are weak. (Str -2) [potion of mutation]
116806 | Zot:5    | Lost mutation: You have hidden genetic defects. [potion of
                  | mutation]
116806 | Zot:5    | Gained mutation: Your movements are slightly less
                  | encumbered by armour. (ER -2) [potion of mutation]
116806 | Zot:5    | Gained mutation: You have a pair of large horns on your
                  | head. [potion of mutation]
116806 | Zot:5    | Gained mutation: You are partially covered in iridescent
                  | scales. (AC +2) [potion of mutation]
117165 | Zot:5    | Noticed an orb of fire
117174 | Zot:5    | Noticed an orb of fire
117174 | Zot:5    | Gained mutation: Your body sometimes deteriorates upon
                  | taking damage. [an orb of fire]
117176 | Zot:5    | Noticed an ancient lich
117183 | Zot:5    | Gained mutation: Armour fits poorly on your strangely
                  | shaped body. [an orb of fire]
117185 | Zot:5    | Gained mutation: You sometimes lose your temper in combat.
                  | [an orb of fire]
117187 | Zot:5    | Lost mutation: Armour fits poorly on your strangely shaped
                  | body. [an orb of fire]
117189 | Zot:5    | Killed an orb of fire
117190 | Zot:5    | Reached XP level 27. HP: 83/268 MP: 7/22
117190 | Zot:5    | Gained mutation: You have an uncontrollable temper. [an orb
                  | of fire]
117206 | Zot:5    | HP: 11/268 [twister/vortex[a Zot trap] (8)]
117206 | Zot:5    | Mangled by an Orb Guardian

Illustrated notes

Levels and vault maps discovered:
D:1:      lemuel_arrival_tunnels, layout_loops_corners, st_stairs_7,
          serial_bayou_pond_a, serial_bayou_pond_a, minmay_tetromino_i4
D:2:      layout_loops_ring, nicolae_concentric_dashed_squares_wild,
          uniq_terence
D:3:      layout_loops_corners, gup_sewer_entry_bubbles,
          minmay_tree_intersection, minmay_misc_feat_roman, hex_medium,
          minivault_25
D:4:      minmay_bubble_buster, layout_basic
D:5:      layout_loops_ring, kennysheep_orc_sif_temple,
          nicolae_hepliaklqana_hippocampus, led_xom_imps,
          minmay_temple_entry_wispy
D:6:      layout_cave_pools, fountainhead
D:7:      kennysheep_windowed_halls, layout_cave_pods,
          nicolae_have_a_lightning_rod, uniq_prince_ribbit1
D:8:      kennysheep_blocky_room, layout_basic, lemuel_doored_altar,
          overflow_temple_1_default, minmay_lair_entry_lava, serial_shops, shop,
          nicolae_diamond_shop, shop, nicolae_shop_bloodbath_and_beyond,
          nrook_uturn, uniq_maggie
D:9:      layout_gridville
D:10:     layout_gridville, uniq_josephine
D:11:     layout_stronghold, ploomutoo_gammafunk_ghost_potion_laboratory
D:12:     layout_rooms, david_orc_2, kennysheep_generic_room_5
D:13:     layout_long_grid, nicolae_uskayaw_dance_hall
D:14:     cheibrodos_breeding_chamber, layout_irregular_city, david_vaults_4,
          enter_trove_2, hangedman_decor_riveting, nicolae_the_louvre,
          uniq_rupert, uniq_lodul
D:15:     hellmonk_depths_entry_around_the_bend, layout_layer_cave,
          solitary_fountain
Lair:1:   layout_cave_shapes
Lair:2:   layout_hall_layers, minmay_shoals_entry_lonely_mermaid,
          alex1729_snake_entry_snake, uniq_sonja
Lair:3:   layout_chaotic_city, grunt_megastairs_4, infiniplex_staircase_pool_2
Lair:4:   layout_long_grid, minmay_slime_entry_jelly_boxes, serial_bayou_pond_d,
          st_stairs_7
Lair:5:   hellmonk_lair_end_abyssal_woods, layout_regular_city
Shoals:1: cheibrodos_shoals_three_sisters, layout_shoals,
          nicolae_shop_overcharged_wands
Shoals:2: layout_shoals
Shoals:3: layout_shoals, serial_shops, nicolae_shop_gaudy_bauble,
          hellmonk_ghost_happy_afterlife
Shoals:4: shoals_end_hellmonk_storm_palace [storm_palace_center_square,
          storm_palace_corner_pillars, storm_palace_corner_grid,
          storm_palace_corner_altar, storm_palace_corner_pillars], serial_shops
Snake:1:  hangedman_cross_stitches, layout_gridlike, grunt_ministairs_4,
          nrook_loot_triangle
Snake:2:  layout_onion_interference, basic_altar, serial_shops,
          nicolae_shop_gaudy_bauble, shop
Snake:3:  layout_cave_shapes
Snake:4:  minmay_snake_end_coiled, layout_misc_corridors, basic_altar,
          serial_shops, shop, nicolae_large_snake_swirl, uniq_saint_roka,
          uniq_vashnia, uniq_nikola
Slime:1:  layout_caves
Slime:2:  layout_caves, nicolae_slime_barrier
Slime:3:  layout_caves
Slime:4:  layout_caves, basic_altar
Slime:5:  slime_pit_nicolae_amoeboid
Orc:1:    layout_diamond_mine, basic_altar, roderic_batcave
Orc:2:    grunt_orc_gardens, layout_caves, grunt_orc_garden, grunt_orc_garden,
          grunt_orc_garden, grunt_orc_garden, nicolae_shop_vocational
Elf:1:    nicolae_elf_arrival_aired_out, layout_gridlike,
          portal_ice_cave_entry_ice_simulacra, orc_legates, minmay_shop_star,
          uniq_jorgrun, uniq_kirke
Elf:2:    nicolae_elf_blades_splatter_lattice
          [nicolae_blade_entry_hurt_lockers], layout_geoelf_grid
Elf:3:    elf_hall, layout_geoelf_octagon, serial_shops, shop, shop,
          nicolae_shop_window_shopping, nicolae_shop_trees, uniq_louise
Vaults:1: portal_desolation_entry_ruin, st_squares, hangedman_vaults_variations,
          nicolae_vaults_diamond_2, nicolae_vaults_yaktaur_gun_rack, v_misc_11,
          nicolae_vaults_trapezoid_3, nicolae_vaults_windows_and_doors_thing,
          vaults_dpeg_spiral, nicolae_vaults_stairing_the_circle,
          nicolae_vaults_cochlea, v_alt_pattern_2, nicolae_vaults_trapezoid_1,
          vaults_room_semicircle, layout_vaults_omnibox, uniq_donald,
          uniq_zenata
Vaults:2: vaults_dpeg_ring, nicolae_vaults_ring_of_whatevers,
          ontoclasm_vaults_gateway, nicolae_vaults_storing_the_good_stuff,
          v_misc_22, nicolae_vaults_storage_room_water, nicolae_vaults_cochlea,
          nicolae_vaults_alarming, nicolae_vaults_house_1,
          nicolae_vaults_house_3, layout_vaults_quadrants, serial_shops,
          nicolae_shop_statue_plus, shop, shop, nicolae_shop_tiny_waterfront,
          shop
Vaults:3: nicolae_vaults_storage_room_glass, minmay_crypt_entry_simple_box,
          vaults_room_grunt_arrival_checkpoint,
          nicolae_vaults_taking_the_gang_shopping, v_misc_13,
          vaults_room_stairs_pillars, nicolae_vaults_layer_cake_slice,
          nicolae_vaults_sightless_eye, nicolae_vaults_closet_pinwheel_1,
          hangedman_vaults_impose, nicolae_vaults_storage_closets_2,
          layout_vaults_big_room, uniq_norris
Vaults:4: ontoclasm_vaults_ring_square, v_rooms_1, grunt_vaults_bifocal,
          hangedman_vaults_stretched_pinwheel,
          nicolae_vaults_offset_grid_hallway_3, nicolae_vaults_network_star,
          nicolae_vaults_little_ls, hangedman_vaults_cutoff,
          ontoclasm_vaults_idyll, nicolae_vaults_tetromino_T_1,
          layout_vaults_ring, uniq_bai_suzhen
Crypt:1:  cheibrodos_crypt_3hun_7po, layout_basic
Crypt:2:  layout_misc_corridors, serial_sigils_hangedman_gnaw,
          nicolae_crypt_statuary_hall, uniq_sojobo, uniq_vv, uniq_khufu
Crypt:3:  david_glass_crypt, layout_chaotic_city, tomb_entry_shell_bobbens
Tomb:1
Depths:1: layout_cave_shapes, enter_ziggurat_d, hellmouth_2,
          rand_demon_pan_entry_8, serial_shops, nicolae_shop_stone,
          nicolae_abyss_entry_one_way_or_another, nicolae_danse_macabre
Depths:2: grated_community_mu [grated_community_mu_vampire_home,
          grated_community_mu_giant_home, grated_community_mu_spellcaster_home,
          grated_community_mu_orcish_home, grated_community_mu_troll_home,
          grated_community_mu_taur_home, grated_community_mu_unbuilt_plot],
          layout_honeycomb, rand_demon_pan_entry_4, hell_entry, serial_shops,
          nicolae_shop_just_a_little_nook, abyss_entry
Depths:3: dreamdust_merry_men, layout_honeycomb, hell_entry,
          hangedman_abyss_entry_splay, dreamdust_wasp_nest, minmay_shop_grove,
          uniq_enchantress, uniq_xtahua
Depths:4: grunt_x_marks_the_spot, layout_cave_pools, minmay_misc_feat_doors,
          hangedman_tar_grid_catacomb, uniq_josephina
Hell
Zot:1:    layout_misc_corridors, lemuel_baited_zot_trap, uniq_grunn
Zot:2:    layout_gridlike
Zot:3:    layout_onion_interference
Zot:4:    layout_gridlike
Zot:5:    layout_basic, st_stairs_8

Skill      XL: |  1  2  3  4  5  6  7  8  9 10 11 12 13 14 15 16 17 18 19 20 21 22 23 24 25 26 |
---------------+-------------------------------------------------------------------------------+-----
Axes           | 4 5 6 7 8 9 11 12 14 16 17 19 20 22 23 24 25 26 | 26.9
Ranged Weapons | 1 2 3 4 5 7 9 11 12 14 16 17 18 19 20 21 | 21.6
Fighting       | 4 5 6 7 8 10 11 12 13 14 15 16 17 18 19 21 22 23 24 25 | 25.8
Maces & Flails | 4 6 9 10 | 10.2
Armour         | 4 6 8 9 11 12 13 14 15 16 17 18 19 20 21 | 21.5
Throwing       | 1 4 7 8 9 10 12 13 | 13.9
Evocations     | 1 4 6 7 8 10 11 | 11.8
Dodging        | 5 7 9 10 12 14 15 16 17 19 | 19.1
Stealth        | 5 8 11 12 13 14 15 | 15.5

Action                     |  1- 3 |  4- 6 |  7- 9 | 10-12 | 13-15 | 16-18 | 19-21 | 22-24 | 25-27 || total
---------------------------+-------+-------+-------+-------+-------+-------+-------+-------+-------++-------
  Melee: Hand axe          |    57 |    41 |       |       |       |       |       |       |       ||    98
         Headbutt          |     7 |     8 |    49 |    27 |    50 |    72 |    97 |   144 |    92 ||   546
         Punch             |       |     1 |       |       |       |       |       |       |       ||     1
         Dire flail        |       |     6 |   259 |    56 |       |       |       |       |       ||   321
         Whip              |       |     2 |       |       |       |       |       |       |       ||     2
         Battleaxe         |       |       |       |    96 |       |       |       |       |     3 ||    99
         Executioner's axe |       |       |       |       |   271 |   355 |   395 |   541 |   352 ||  1914
         Bite              |       |       |       |       |       |     6 |     1 |       |       ||     7
         Unarmed           |       |       |       |       |       |       |       |       |    29 ||    29
   Fire: Sling             |    82 |    49 |    92 |     8 |       |       |       |       |       ||   231
         Orcbow            |       |       |     6 |   227 |   605 |   814 |   677 |       |       ||  2329
         Arbalest          |       |       |       |       |       |       |   215 |   531 |   386 ||  1132
  Throw: Dart              |       |       |       |       |     3 |       |       |       |       ||     3
         Boomerang         |       |       |       |       |       |     4 |    11 |    33 |    50 ||    98
         Javelin           |       |       |       |       |       |       |       |       |     6 ||     6
 Invoke: Berserk           |     1 |     5 |     8 |    11 |     9 |    14 |     9 |    19 |     2 ||    78
         Trog's Hand       |       |     1 |     5 |    12 |    19 |    28 |     9 |    19 |    10 ||   103
         Brothers in Arms  |       |       |       |       |     1 |       |     4 |     1 |     9 ||    15
  Evoke: Wand              |       |       |     4 |    11 |     1 |     3 |       |     7 |     5 ||    31
         Tin of tremorston |       |       |       |       |       |     5 |     1 |     2 |       ||     8
    Use: Scroll            |     2 |     1 |     2 |    20 |    10 |    15 |     7 |    10 |     6 ||    73
         Potion            |       |       |       |     5 |     4 |     8 |     9 |     3 |    12 ||    41
   Stab: Betrayed ally     |       |       |       |     1 |       |       |       |       |       ||     1
         Sleeping          |       |       |       |       |       |       |       |     2 |     1 ||     3
         Invisible         |       |       |       |       |       |       |       |     1 |     3 ||     4
         Distracted        |       |       |       |       |       |       |       |     1 |     1 ||     2
 Armour: Animal skin       |    36 |       |       |       |       |       |       |       |       ||    36
         Ring mail         |       |    30 |   113 |       |       |       |       |       |       ||   143
         Scale mail        |       |       |   122 |    27 |       |       |       |       |       ||   149
         Plate armour      |       |       |       |   280 |   547 |   933 |   651 |   593 |   220 ||  3224
         Gold dragon scale |       |       |       |       |       |       |       |       |   216 ||   216
         Skin              |       |       |       |       |       |       |       |       |     8 ||     8
  Dodge: Dodged            |    44 |    27 |   133 |   115 |   196 |   307 |   512 |   719 |   464 ||  2517
  Block: Other             |       |       |       |       |       |    27 |       |       |       ||    27

Table legend: (Time is in decaauts)
 A = Elapsed time spent in this place.
 B = Non-inter-level travel time spent in this place.
 C = Inter-level travel time spent in this place.
 D = Time resting spent in this place.
 E = Time spent auto-exploring this place.
 F = Levels seen in this place.
 G = Mean time per level.
                   A        B        C        D        E       F      G
               +--------+--------+--------+--------+--------+-----+--------+
         Total | 118938 | 114281 |   4657 |  65176 |  31870 |  68 | 1749.1 |
       Dungeon |  24038 |  22144 |   1894 |   6908 |  11906 |  15 | 1602.5 |
          Lair |  15084 |  14487 |    597 |   9135 |   4102 |   5 | 3016.8 |
        Shoals |  14602 |  14357 |    245 |  10471 |   2334 |   4 | 3650.5 |
     Snake Pit |  11192 |  10882 |    310 |   7508 |   1970 |   4 | 2798.0 |
    Slime Pits |   2880 |   2880 |      0 |   1923 |    334 |   5 |  576.0 |
  Orcish Mines |   2810 |   2603 |    207 |   1417 |    698 |   2 | 1405.0 |
   Elven Halls |  10940 |  10689 |    251 |   7458 |   1226 |   3 | 3646.7 |
        Vaults |   5644 |   5432 |    212 |   1165 |   2968 |   4 | 1411.0 |
         Crypt |   8133 |   7926 |    207 |   5253 |   1746 |   3 | 2711.0 |
          Tomb |    522 |    449 |     73 |    193 |      0 |   1 |  522.0 |
        Depths |  10119 |   9699 |    420 |   6066 |   2363 |   4 | 2529.8 |
          Hell |     75 |     75 |      0 |      0 |      0 |   1 |   75.0 |
           Zot |   9595 |   9359 |    236 |   5906 |   1611 |   5 | 1919.0 |
         Abyss |    434 |    434 |      0 |     85 |     19 |   2 |  217.0 |
      Ziggurat |    987 |    987 |      0 |    702 |     42 |   8 |  123.4 |
         Sewer |    477 |    477 |      0 |    348 |     77 |   1 |  477.0 |
    Desolation |   1400 |   1400 |      0 |    632 |    472 |   1 | 1400.0 |
               +--------+--------+--------+--------+--------+-----+--------+

Top non-repeatable levels by time:
  Lair:5: 8692 daAuts
   Elf:1: 5828 daAuts
Shoals:4: 5023 daAuts
Depths:4: 4341 daAuts
Shoals:1: 4100 daAuts
   Elf:3: 4020 daAuts
 Snake:2: 3640 daAuts
 Crypt:3: 3542 daAuts
 Snake:1: 3121 daAuts
    D:11: 3038 daAuts
     D:7: 2970 daAuts
Shoals:3: 2875 daAuts
    D:15: 2738 daAuts
   Zot:3: 2673 daAuts
Shoals:2: 2602 daAuts
